Map: Cyber Forest LE

Players

PeLLy

  • Race: Zerg Zerg
  • League: Diamond
  • Spawn Location: 5:00

GeiSha - Winner!

  • Race: Terran Terran
  • League: Platinum
  • Spawn Location: 11:00

VOD

Have the link to the VOD?

Description

Time

  • Played on: Aug. 18, 2019, 11:08 a.m.
  • Length: 16:22
Show
View Real Time Build Order
Export as new Build Order

PeLLy Zerg 

Build Orders: Hatch First 

Get SALT Encoding   

  12  0:01  Drone  
  13  0:13  Drone  
  14  0:16  Overlord  
  14  0:36  Drone x2  
  14  0:37  Drone  
  17  0:55  Drone  
  18  0:57  Hatchery  
  18  1:00  Drone  
  18  1:13  Spawning Pool  
  17  1:18  Extractor  
  17  1:20  Drone  
  17  1:21  Drone  
  18  1:33  Drone  
  19  1:41  Overlord  
  19  1:55  Drone  
  19  2:00  Queen  
  22  2:03  Zergling x2  
  23  2:09  Queen  
  23  2:10  Zergling x2  
  23  2:14  Drone  
  27  2:21  Zergling x2  
  28  2:32  Drone x2  
  30  2:45  Queen  
  30  2:46  Hatchery  
  31  2:53  Metabolic Boost  
  31  2:57  Drone x3  
  34  2:59  Drone  
  34  3:06  Overlord  
  34  3:10  Drone  
  35  3:16  Overlord  
  35  3:36  Drone  
  35  3:37  Drone x8  
  44  3:43  Evolution Chamber  
  44  3:47  Evolution Chamber  
  42  3:53  Roach Warren  
  41  3:58  Drone x4  
  41  4:01  Extractor  
  41  4:02  Extractor  
  43  4:05  Lair  
  43  4:09  Drone x2  
  45  4:19  Zerg Missile Weapons Level 1  
  45  4:21  Drone x4  
  45  4:22  Drone  
  50  4:29  Extractor, Queen  
  51  4:35  Roach x2  
  55  4:50  Extractor  
  54  4:53  Drone  
  54  4:54  Drone x2  
  54  4:57  Overlord x4  
  57  5:01  Spine Crawler  
  57  5:03  Baneling Nest  
  57  5:04  Spine Crawler  
  54  5:14  Roach  
  54  5:15  Roach x3  
  54  5:17  Roach x2  
  54  5:20  Glial Reconstitution  
  66  5:31  Roach x2  
  69  5:39  Drone x9  
  78  5:46  Ravager  
  79  6:00  Roach  
  79  6:01  Roach x4  
  79  6:03  Overlord x2  
  89  6:21  Roach x8  
  105  6:30  Spine Crawler  
  104  6:47  Extractor  
  103  7:00  Drone x3  
  106  7:02  Overlord x4  
  106  7:11  Infestation Pit  
  106  7:12  Spore Crawler  
  104  7:16  Hatchery  
  104  7:17  Nydus Network  
  104  7:20  Centrifical Hooks  
  104  7:21  Zergling x2  
  104  7:22  Zergling x12  
  109  7:31  Baneling x2  
  109  7:35  Zergling x12  
  115  7:42  Baneling x7  
  115  8:00  Overseer  
  115  8:01  Overseer x3  
  115  8:02  Drone  
  115  8:03  Drone x5  
  121  8:09  Hydralisk Den  
  120  8:13  Drone x3  
  118  9:04  Baneling x6  
  80  9:34  Roach x4  
  80  9:35  Roach x20  
  126  9:49  Queen x3  
  126  9:52  Drone x5  
  119  10:18  Zergling x2  
  119  10:19  Zergling x20  
  130  10:24  Drone  
  130  10:25  Drone x3  
  134  10:29  Extractor  
  134  10:30  Extractor  
  134  10:31  Zergling x8  
  136  10:37  Baneling x10  
  136  10:38  Baneling x4  
  136  10:59  Drone x6  
  136  11:00  Drone x2  
  136  11:01  Overlord x4  
  144  11:05  Spine Crawler  
  144  11:07  Spore Crawler, Spine Crawler  
  141  11:18  Spine Crawler  
  140  11:19  Spine Crawler  
  140  11:21  Spine Crawler  
  140  11:23  Spine Crawler  
  140  11:24  Spore Crawler  
  136  11:41  Hydralisk Den  
  124  12:14  Roach  
  124  12:15  Hydralisk, Roach x15, Zergling x18  
  111  12:26  Zergling x6  
  104  12:37  Baneling x5  
  104  12:38  Baneling x9  
  104  12:42  Hydralisk x4  
  110  12:51  Hydralisk x3  
  109  12:53  Hydralisk  
  95  13:24  Hydralisk x3  
  95  13:25  Hydralisk x6  
  94  13:35  Hydralisk  
  95  13:44  Hatchery  
  94  13:54  Zergling x2  
  94  13:55  Zergling x6  
  94  13:56  Queen x2  
  82  14:10  Hydralisk  
  82  14:11  Hydralisk x3  
  82  14:33  Zergling x6  
  82  14:34  Zergling x2  
  64  14:54  Zergling x2  
  64  14:55  Zergling x6  
  66  15:00  Baneling x8  
  61  15:15  Zergling x12  
  50  15:38  Hydralisk x3  
  50  15:40  Hatchery  
  51  15:45  Baneling x3  
  51  15:49  Hydralisk  
  53  16:01  Spine Crawler  
Show
View Real Time Build Order
Export as new Build Order

GeiSha Terran - Winner!

Build Orders:  

Get SALT Encoding   

  12  0:01  SCV  
  13  0:13  SCV  
  14  0:19  Supply Depot  
  14  0:25  SCV  
  15  0:40  SCV  
  15  0:42  Barracks  
  16  0:52  SCV  
  17  1:04  SCV  
  18  1:16  SCV  
  19  1:29  Command Center, SCV  
  19  1:30  Marine  
  21  1:36  Refinery  
  21  1:41  SCV  
  22  1:47  Refinery  
  22  1:48  Marine  
  23  1:58  Supply Depot  
  23  2:05  Orbital Command  
  23  2:20  Marine  
  24  2:33  SCV, Factory  
  24  2:43  Orbital Command  
  24  2:44  Barracks Tech Lab  
  24  2:48  SCV  
  25  2:59  Barracks  
  25  3:00  SCV  
  26  3:06  Marauder  
  28  3:14  SCV x2  
  28  3:19  Supply Depot  
  30  3:20  Factory Reactor  
  30  3:26  SCV x2  
  32  3:28  Marauder  
  34  3:38  SCV x2  
  36  3:43  Armory  
  36  3:50  SCV x2  
  36  3:51  Barracks Reactor, Stimpack  
  38  4:02  SCV x2  
  42  4:03  Hellion x2  
  42  4:08  Supply Depot  
  44  4:14  SCV x2  
  46  4:18  Marauder  
  50  4:24  Hellion x2  
  50  4:26  SCV x2  
  50  4:31  Supply Depot  
  54  4:33  Supply Depot  
  54  4:35  Marine x2  
  58  4:45  Hellion  
  58  4:46  Hellion  
  60  5:01  Marauder, Marine x2  
  68  5:07  Hellion x2  
  68  5:15  SCV x2  
  68  5:16  Supply Depot  
  69  5:34  Marauder, Command Center, Marine x2  
  73  5:35  Hellion x2  
  73  5:36  Hellion x5  
  73  5:38  SCV x2  
  73  5:40  Starport  
  75  5:52  Marine x2  
  75  5:56  Marauder  
  79  6:06  Barracks  
  79  6:07  Barracks  
  79  6:10  Marine x2  
  81  6:17  Marauder  
  83  6:18  Starport Reactor, Supply Depot x2  
  83  6:20  Widow Mine  
  85  6:25  Supply Depot  
  85  6:34  Widow Mine  
  85  6:42  Marauder  
  85  6:44  Marine  
  85  6:45  Marine  
  89  6:47  Orbital Command  
  89  6:51  SCV x2  
  91  6:56  Barracks Tech Lab x2  
  91  7:01  Medivac x2  
  95  7:03  Marauder, SCV x2, Widow Mine x2  
  103  7:10  Concussive Shells  
  103  7:12  Barracks  
  103  7:13  Barracks  
  103  7:14  SCV  
  103  7:15  SCV  
  105  7:17  Engineering Bay  
  105  7:19  Engineering Bay  
  105  7:28  Supply Depot x2  
  105  7:31  Medivac x2  
  105  7:33  Refinery  
  105  7:35  Refinery  
  105  7:36  SCV x3  
  112  7:41  Marauder x2, Marine  
  112  7:42  Marauder  
  119  7:52  Marine  
  119  7:57  Terran Infantry Armor Level 1, Terran Infantry Weapons Level 1  
  120  7:59  Marine  
  120  8:01  Supply Depot  
  120  8:03  Marauder x3, Barracks Tech Lab  
  120  8:04  Combat Shield  
  127  8:16  Marine  
  127  8:17  Barracks Tech Lab  
  128  8:24  Marauder  
  130  8:33  Marauder x2, Marine  
  130  8:34  Marauder, Marine  
  138  8:42  SCV x2  
  138  8:43  SCV  
  138  8:45  Marauder  
  143  8:51  Marine x2  
  143  8:54  SCV, Marine  
  146  9:07  Marauder  
  146  9:09  Marine  
  149  9:10  Marine  
  149  9:13  Marauder  
  149  9:14  Marauder  
  149  9:17  Marauder  
  149  9:18  Marauder  
  131  9:27  Marine  
  131  9:28  Marauder, Marine  
  117  9:33  Medivac x2  
  117  9:34  Marauder  
  117  9:35  Marauder  
  116  9:39  Marauder  
  116  9:40  Marauder  
  116  9:45  Marine  
  121  9:46  Marine  
  121  9:49  Marine  
  123  9:56  Marauder x2  
  124  10:00  Marine x2  
  124  10:02  Marine  
  124  10:04  Marine  
  128  10:08  Marauder  
  128  10:09  Medivac  
  128  10:10  Medivac  
  134  10:17  Marauder, Refinery x2, Marine x2  
  134  10:18  Marine  
  134  10:20  Marine  
  140  10:21  Marine  
  141  10:28  Command Center  
  141  10:29  Marauder  
  141  10:35  Marine  
  145  10:36  Marauder, Marine  
  145  10:38  Marauder  
  149  11:02  Supply Depot  
  149  11:03  Supply Depot x3  
  149  11:04  Terran Infantry Weapons Level 2, Supply Depot  
  149  11:23  Marauder, Medivac x2, Marine x2  
  157  11:53  Medivac  
  159  11:55  Marauder x2  
  159  11:56  Marauder x3, Marine x2  
  153  12:13  Marine  
  153  12:14  Marine  
  133  12:17  Marauder x3, Marine x2  
  138  12:31  Marine  
  138  12:32  Marine  
  138  12:34  Marine  
  138  12:35  Marauder  
  142  12:38  Marauder x3, Medivac  
  142  12:39  Medivac  
  152  12:49  Command Center, Marine  
  152  12:50  Marine  
  154  12:52  Marine  
  154  12:56  Marine  
  156  12:59  Marine  
  156  13:00  Marauder x2  
  161  13:07  Marine x2  
  161  13:08  Medivac x2  
  161  13:11  Marauder  
  169  13:14  Marine  
  169  13:17  Marauder  
  162  13:21  Marauder, Marine  
  162  13:25  Marine x2  
  158  13:31  Marine  
  158  13:32  Marauder  
  153  13:38  Medivac  
  153  13:39  Marauder x2  
  153  13:42  Marauder, Marine  
  153  13:43  Marine  
  157  13:49  Marine  
  157  13:54  Marauder  
  157  14:00  Marauder x2, Marine  
  157  14:01  Marine  
  149  14:03  Marine  
  149  14:04  Orbital Command  
  149  14:06  Refinery, Orbital Command  
  149  14:08  Marauder  
  144  14:15  Marauder  
  140  14:18  Marine  
  140  14:19  Marine  
  140  14:21  Marauder, Marine  
  140  14:22  Marauder  
  147  14:29  Marauder  
  149  14:36  Marauder, Marine  
  149  14:37  Marine  
  153  14:39  Marine  
  153  14:42  Marine  
  153  14:43  Marine  
  156  14:50  Marauder  
  158  14:54  Marine x2  
  158  14:57  Marauder  
  158  14:58  Marauder  
  164  15:00  Marine  
  164  15:01  Marauder  
  166  15:12  Marauder, Marine x2  
  153  15:18  Marine x2  
  153  15:19  Marauder  
  141  15:22  Marauder  
  141  15:26  Refinery x2  
  138  15:29  Marine  
  138  15:30  Marine  
  138  15:32  Medivac x2  
  138  15:33  Marauder  
  144  15:36  Marauder x2  
  144  15:38  Starport x2  
  144  15:40  Starport, Marauder  
  144  15:42  Starport  
  145  15:43  Marine  
  145  15:47  Marine  
  145  15:48  Marine  
  148  15:55  Marauder  
  150  15:57  Marine  
  150  15:58  Marauder  
  150  16:01  Marine  
Tags
 
Add a new tag
Caveats
  • Supply blocks, unpowered buildings, or Contaminate may cause inaccurate times.
  • Supply counts are checked every 10 seconds.